 Dungeon Crawl Stone Soup version 0.31-a0-1338-gb567cfdca4 (webtiles) character file.

Game seed: 9542219383309398056

20776 pokeman the Eclecticist (level 12, -3/68 HPs)
             Began as a Deep Elf Hedge Wizard on Dec 22, 2023.
             Was an Elder of Vehumet.
             Slain by a vault guard
             ... wielding a +0 long sword
              (6 damage)
             ... on level 13 of the Dungeon.
             The game lasted 00:33:33 (16146 turns).

pokeman the Eclecticist (Deep Elf Hedge Wizard)    Turns: 16146, Time: 00:33:33

Health: -3/68      AC: 18    Str:  7    XL:     12   Next: 48%
Magic:  36/44      EV: 11    Int: 25    God:    Vehumet [****..]
Gold:   640        SH:  0    Dex: 14    Spells: 30/45 levels left

rFire   . . .        X - +1 demon whip (venom)
rCold   . . .        (no shield)
rNeg    . . .        I - +0 acid dragon scales
rPois   .            k - +0 helmet
rElec   .            T - +0 cloak {Will+}
rCorr   +            w - +0 pair of gloves
SInv    .            j - +2 pair of boots
Will    ++...        m - amulet of magic regeneration
Stlth   ++           Z - +4 ring of protection
HPRegen 0.31/turn    a - ring of magical power
MPRegen 0.69/turn

%: no passive effects
@: on blink cooldown, very slightly contaminated
A: no striking features
a: Renounce Religion


You were on level 13 of the Dungeon.
You worshipped Vehumet.
Vehumet was greatly pleased with you.
You visited 2 branches of the dungeon, and saw 14 of its levels.
You also visited: Ossuary.

You collected 837 gold pieces.
You spent 197 gold pieces at shops.

Inventory:

Hand Weapons
 X - a +1 demon whip of venom (weapon)
 Y - the +3 war axe "Trog's Fury" {freeze, rF+ rN+}
   (You found it on level 9 of the Dungeon)

   rF+:       It protects you from fire.
   rN+:       It protects you from negative energy.
Missiles
 G - 4 curare-tipped darts
 V - 4 throwing nets
Armour
 j - a +2 pair of boots (worn)
 k - a +0 helmet (worn)
 w - a +0 pair of gloves (worn)
 I - +0 acid dragon scales (worn)
 R - a +2 robe of cold resistance
 T - a +0 cloak of willpower (worn)
Magical Staves
 c - a staff of death
Jewellery
 a - a ring of magical power (right hand)
 m - an amulet of magic regeneration (around neck)
 J - a ring of protection from fire
 Z - a +4 ring of protection (left hand)
Wands
 y - a wand of roots (8)
 z - a wand of light (24)
 W - a wand of polymorph (3)
Scrolls
 h - 7 scrolls of teleportation
 t - 4 scrolls of blinking
 u - 2 scrolls of revelation
 A - 2 scrolls of enchant weapon {unknown}
 E - 4 scrolls of fog {unknown}
 F - 2 scrolls of summoning {unknown}
 M - 2 scrolls of noise {unknown}
 N - a scroll of vulnerability {unknown}
 P - 2 scrolls of silence {unknown}
 Q - a scroll of immolation {unknown}
 U - a scroll of torment {unknown}
Potions
 d - 2 potions of magic
 q - 2 potions of mutation {unknown}
 s - 4 potions of curing
 v - a potion of haste {unknown}
 B - 5 potions of heal wounds {unknown}
 D - 5 potions of might {unknown}
 K - a potion of cancellation {unknown}
 L - 2 potions of invisibility {unknown}


   Skills:
 + Level 5.4 Fighting
 - Level 5.0 Armour
 - Level 3.0 Dodging
 - Level 3.1 Stealth
 * Level 17.1 Spellcasting
 + Level 10.2 Conjurations
 - Level 1.1 Summonings
 - Level 1.1 Necromancy
 - Level 1.1 Translocations
 + Level 6.5 Fire Magic
 - Level 1.1 Air Magic
 - Level 8.0 Earth Magic
 - Level 1.2 Alchemy
 - Level 1.3 Evocations


You had 30 spell levels left.
You knew the following spells:

 Your Spells              Type           Power      Damage    Failure   Level
a - Magic Dart            Conj           100%       1d8       1%          1
b - Mephitic Cloud        Conj/Alch/Air  42%        N/A       1%          3
c - Call Imp              Summ           54%        N/A       4%          2
d - Blink                 Tloc           54%        N/A       4%          2
e - Stone Arrow           Conj/Erth      100%       3d13      1%          3
f - Ignite Poison         Fire/Alch      40%        N/A       2%          4

Your spell library contained the following spells:

 Spells                   Type           Power      Damage    Failure   Level
 Airstrike                Air            13%        2d(2-18)  7%          4
 Sandblast                Erth           100%       2d20      1%          1
 Passwall                 Alch/Erth      36%        N/A       1%          2
 Brom's Barrelling Bould  Conj/Erth      61%        2d8       1%          4
 Cigotuvi's Dreadful Rot  Necr/Alch/Air  54%        N/A       3%          2
 Slow                     Hex            84%        N/A       4%          1
 Fugue of the Fallen      Necr           27%        N/A       8%          3
 Ozocubu's Armour         Ice            21%        N/A       12%         3
 Manifold Assault         Tloc           27%        N/A       26%         4
 Anguish                  Hex/Necr       12%        N/A       32%         4
 Cause Fear               Hex            10%        N/A       38%         4
 Metabolic Englaciation   Hex/Ice        10%        N/A       75%         5
 Simulacrum               Ice/Necr       12%        N/A       99%         6
 Enfeeble                 Hex            10%        N/A       100%        7


Dungeon Overview and Level Annotations

Branches:
Dungeon (13/15)            Temple (1/1) D:4            Lair (0/5) D:11
    Orc (0/2) D:11         Vaults (0/5) D:13        Ossuary (visited)

Altars:
Ashenzari
Cheibriados
Dithmenos
Elyvilon
Fedhas
Gozag
Hepliaklqana
Kikubaaqudgha
Makhleb
Nemelex Xobeh
Okawaru
Qazlal
Ru
Sif Muna
Trog
Uskayaw
Vehumet
Wu Jian
Xom
Yredelemnul
Zin
The Shining One

Shops:
D:2 *(   D:3 (   D:11 [(

Annotations:
D:5 3 runed translucent doors, bungle's ghost, novice GnWn


Message History

You carefully extract the barbed spikes from your body.
The vault guard hits something with a +0 battleaxe!
The vault guard hits you but does no damage.
The vault guard hits your cerulean imp with a +0 battleaxe!
Your cerulean imp is killed!
Your cerulean imp disappears in a puff of smoke!
Unknown command.
Unknown command.
The vault guard seems less confused.
The vault guard attacks as it pursues you!
The vault guard hits you with a +0 battleaxe!
* * * LOW HITPOINT WARNING * * *
Casting: Call Imp (safe; 4% risk of failure)
Confirm with . or Enter, or press ? or * to list all spells.
Aiming: Mephitic Cloud (safe; 1% risk of failure)
Press: ? - help, Shift-Dir - straight line, f/p - vault guard
Aim: a vault guard, wielding a +0 battleaxe and wearing a +0 plate armour (heavily wounded, chance to affect: 39%)
The ball explodes into a vile cloud!
The stinking cloud engulfs the vault guard.
The vault guard is heavily wounded.
The stinking cloud engulfs you.
You hear an angry buzzing noise. x4
The vault guard is engulfed in noxious fumes.
The vault guard hits you with a +0 battleaxe.
* * * LOW HITPOINT WARNING * * *
Unknown command.
The vault guard is engulfed in noxious fumes.
Casting: Mephitic Cloud (safe; 1% risk of failure)
Confirm with . or Enter, or press ? or * to list all spells.
You miscast Blink.
You are very lightly contaminated with residual magic.
Nothing appears to happen.
The vault guard hits you with a +0 battleaxe!
* * * LOW HITPOINT WARNING * * *
Unknown command.
Casting: Blink (safe; 4% risk of failure)
Confirm with . or Enter, or press ? or * to list all spells.
You blink.
The vault guard hits you with a +0 long sword.
You die...

.. #.#.# #.#.##
## ### #.#..##
#. ...#
#.#...##.#...#.
#......#..$....
#......p.).∩...
#.....W#....)..
##.#@p.##p#...#.
#..#pD## #. ...#
#.##p## ## ###
#.##.## #.##§^##
. #.##...##...
#.##........
#.<.....[...
############


You could see a four-headed hydra, 4 vault guards and a wraith.

Vanquished Creatures
  Josephine (D:11)
  Harold (D:11)
  Erica (D:11)
  4 boulder beetles (D:12)
  A two-headed ogre (D:9)
  Amaemon (D:11)
  4 deep elf pyromancers
  3 ugly things (D:12)
  Maurice (D:8)
  4 manticores
  An orange demon (D:11)
  2 gargoyles
  5 trolls
  A queen bee (D:12)
  3 meliai (D:12)
  3 red devils (D:11)
  4 wraiths (D:11)
  2 shadows
  8 yaks
  2 wyverns
  A steam dragon (D:10)
  Menkaure (Ossuary)
  2 acid dragons
  4 water moccasins
  8 orc warriors
  2 ice beasts
  A black bear (D:5)
  3 centaurs
  An ogre (D:5)
  A phantom (D:6)
  2 kobold brigands
  Blork the orc (D:5)
  3 bullfrogs
  2 scorpions (D:5)
  9 wights (D:8)
  16 killer bees
  2 howler monkeys (D:7)
  A lava snake (D:7)
  3 jellies
  4 hounds (D:5)
  3 orc priests
  2 sleepcaps
  3 iguanas
  12 orc wizards
  4 mummies
  An adder (D:4)
  2 shadow imps (D:7)
  A bombardier beetle (D:5)
  A white imp (D:8)
  3 ufetubi (D:6)
  2 worms (D:5)
  A dart slug (D:1)
  34 orcs
  3 ball pythons
  8 bats
  4 endoplasms
  2 giant cockroaches (D:1)
  5 gnoll zombies (Ossuary)
  8 goblins
  9 hobgoblins
  8 jackals (D:1)
  7 quokkas
  2 frilled lizards
  5 gnoll skeletons (Ossuary)
  4 goblin skeletons (Ossuary)
  4 goblin zombies (Ossuary)
  10 hobgoblin skeletons (Ossuary)
  3 hobgoblin zombies (Ossuary)
  18 kobolds
  3 kobold skeletons (Ossuary)
  6 kobold zombies (Ossuary)
  An orc skeleton (Ossuary)
  3 orc zombies (Ossuary)
  7 rats
  2 rat skeletons (Ossuary)
  4 rat zombies (Ossuary)
314 creatures vanquished.

Vanquished Creatures (others)
  A komodo dragon (D:12)
1 creature vanquished.

Grand Total: 315 creatures vanquished

Notes
Turn   | Place    | Note
-------+----------+-------------------------------------------
     0 | D:1      | pokeman the Deep Elf Hedge Wizard began the quest for the
                  | Orb.
     0 | D:1      | Reached XP level 1. HP: 10/10 MP: 7/7
   325 | D:1      | Reached XP level 2. HP: 14/16 MP: 1/9
   853 | D:1      | Reached skill level 5 in Spellcasting
   937 | D:1      | Reached XP level 3. HP: 20/20 MP: 3/11
   943 | D:1      | Learned a level 3 spell: Mephitic Cloud
   946 | D:1      | Learned a level 2 spell: Call Imp
   949 | D:1      | Learned a level 2 spell: Blink
   965 | D:1      | Learned a level 3 spell: Stone Arrow
  1364 | D:1      | Reached skill level 1 in Fighting
  1754 | D:2      | Reached skill level 1 in Armour
  1992 | D:2      | Found Zasoeh's General Store.
  2001 | D:2      | Bought a potion of curing for 33 gold pieces
  2461 | D:2      | Found Eshrush's Weapon Emporium.
  2960 | D:3      | Found Disemem's Antique Weapon Shop.
  2982 | D:3      | Found a broken altar of Ashenzari.
  3086 | D:3      | Found a glowing silver altar of Zin.
  3087 | D:3      | Found a sparkling altar of Nemelex Xobeh.
  3130 | D:3      | Reached XP level 4. HP: 25/25 MP: 11/13
  3978 | D:4      | Found a staircase to the Ecumenical Temple.
  4026 | Temple   | Entered the Ecumenical Temple
  4050 | Temple   | Became a worshipper of Vehumet
  4553 | D:5      | Entered Level 5 of the Dungeon
  4561 | D:5      | Reached skill level 6 in Spellcasting
  4572 | D:5      | Reached XP level 5. HP: 26/29 MP: 0/15
  4643 | D:5      | Noticed Blork the orc
  4649 | D:5      | Killed Blork the orc
  4773 | D:5      | Reached skill level 1 in Evocations
  4853 | D:5      | Noticed a black bear
  4858 | D:5      | Killed a black bear
  4859 | D:5      | Reached XP level 6. HP: 25/34 MP: 4/17
  4989 | D:5      | Reached skill level 7 in Spellcasting
  4989 | D:5      | Reached skill level 1 in Necromancy
  5139 | D:5      | Reached skill level 1 in Air Magic
  5139 | D:5      | Reached skill level 1 in Earth Magic
  5139 | D:5      | Reached skill level 1 in Alchemy
  5272 | D:5      | Noticed a water moccasin
  5277 | D:5      | Killed a water moccasin
  5278 | D:5      | Reached XP level 7. HP: 7/38 MP: 3/20
  5572 | D:5      | Reached skill level 8 in Spellcasting
  6080 | D:5      | Found a runed translucent gate.
  6080 | D:5      | Identified the +2 dagger of Huoliez {heavy, ^Contam Fly
                  | rElec Will+}
  6080 | D:5      | Identified the +6 chain mail of Integrity {Str+7}
  6177 | D:5      | Found a runed translucent gate.
  6177 | D:5      | Found a runed translucent gate.
  6181 | D:5      | Noticed bungle's ghost (novice GnWn)
  6257 | D:6      | Noticed a manticore
  6266 | D:6      | Killed a manticore
  6267 | D:6      | Reached skill level 9 in Spellcasting
  6267 | D:6      | Reached XP level 8. HP: 45/45 MP: 3/23
  6377 | D:6      | Reached * piety under Vehumet
  6377 | D:6      | Offered knowledge of Shock by Vehumet.
  6408 | D:6      | Found a blossoming altar of Fedhas.
  6588 | D:6      | Reached skill level 5 in Conjurations
  6630 | D:6      | Found a snail-covered altar of Cheibriados.
  6706 | D:6      | Reached skill level 10 in Spellcasting
  6776 | D:6      | Found a sand-covered staircase.
  6788 | Ossuary  | Entered an ossuary
  7314 | Ossuary  | Reached ** piety under Vehumet
  7355 | Ossuary  | Offered knowledge of Freeze by Vehumet.
  7730 | Ossuary  | Noticed Menkaure
  7734 | Ossuary  | Killed Menkaure
  8287 | D:6      | Reached XP level 9. HP: 49/49 MP: 22/25
  8320 | D:6      | Found an opulent altar of Gozag.
  8563 | D:7      | Found an iron altar of Okawaru.
  8724 | D:7      | Found a shimmering altar of Xom.
  8945 | D:7      | Reached skill level 11 in Spellcasting
  8991 | D:7      | Reached skill level 5 in Earth Magic
  9169 | D:7      | Offered knowledge of Searing Ray by Vehumet.
  9450 | D:7      | Reached *** piety under Vehumet
  9976 | D:8      | Reached skill level 12 in Spellcasting
 10111 | D:8      | Noticed a deep elf pyromancer
 10116 | D:8      | Killed a deep elf pyromancer
 10136 | D:8      | Offered knowledge of Frozen Ramparts by Vehumet.
 10267 | D:8      | Reached XP level 10. HP: 56/56 MP: 18/28
 10309 | D:8      | Found a sacrificial altar of Ru.
 10574 | D:8      | Noticed Maurice
 10581 | D:8      | Killed Maurice
 10846 | D:9      | Reached skill level 13 in Spellcasting
 10939 | D:9      | Reached **** piety under Vehumet
 11251 | D:9      | Found a basalt altar of Yredelemnul.
 11271 | D:9      | Offered knowledge of Ignite Poison by Vehumet.
 11294 | D:9      | Learned a level 4 spell: Ignite Poison
 11338 | D:9      | You fall into a shaft and drop 3 floors!
 11342 | D:11     | Found Lootaa Ades's Armour Shoppe.
 11342 | D:11     | Noticed a boulder beetle
 11381 | D:12     | Killed a boulder beetle
 11382 | D:12     | Reached skill level 1 in Fire Magic
 11385 | D:12     | Noticed a boulder beetle
 11765 | D:11     | Found a staircase to the Orcish Mines.
 11767 | D:11     | Found Derepp's Weapon Shoppe.
 11806 | D:11     | Noticed an orange demon
 11807 | D:11     | Noticed Amaemon
 11831 | D:11     | Killed an orange demon
 11832 | D:11     | Reached skill level 14 in Spellcasting
 11833 | D:11     | Killed Amaemon
 11882 | D:11     | Noticed Harold
 11890 | D:11     | Killed Harold
 11891 | D:11     | Reached XP level 11. HP: 51/61 MP: 13/31
 12039 | D:11     | Noticed Josephine
 12128 | D:10     | Entered Level 10 of the Dungeon
 12328 | D:9      | Noticed a two-headed ogre
 12354 | D:9      | Killed a two-headed ogre
 12354 | D:9      | Reached ***** piety under Vehumet
 12354 | D:9      | Offered knowledge of Airstrike by Vehumet.
 12355 | D:9      | Reached skill level 15 in Spellcasting
 12642 | D:9      | Identified the +3 war axe "Trog's Fury" {freeze, rF+ rN+}
 13013 | D:10     | Found a shimmering blue altar of Sif Muna.
 13167 | D:11     | Noticed Erica
 13175 | D:11     | Killed Erica
 13322 | D:11     | Found a staircase to the Lair.
 13341 | D:11     | Reached skill level 5 in Armour
 13463 | D:11     | Killed Josephine
 13823 | D:2      | Bought a scroll of blinking for 82 gold pieces
 13823 | D:2      | Bought a scroll of blinking for 82 gold pieces
 14583 | D:12     | Killed a boulder beetle
 14584 | D:12     | Reached skill level 5 in Fire Magic
 14680 | D:12     | Noticed a boulder beetle
 14705 | D:12     | Killed a boulder beetle
 14706 | D:12     | Reached skill level 16 in Spellcasting
 14867 | D:12     | Noticed a red ugly thing
 14871 | D:12     | Noticed a brown ugly thing
 14875 | D:12     | Killed a red ugly thing
 14876 | D:12     | Reached XP level 12. HP: 67/67 MP: 17/34
 15181 | D:12     | Noticed a boulder beetle
 15387 | D:12     | Killed a boulder beetle
 15388 | D:12     | Reached skill level 5 in Fighting
 15553 | D:12     | Reached skill level 10 in Conjurations
 16128 | D:13     | Found a gate to the Vaults.
 16128 | D:13     | Noticed a vault guard
 16128 | D:13     | Noticed a vault guard
 16128 | D:13     | Noticed a vault guard
 16128 | D:13     | Noticed a vault guard
 16128 | D:13     | Noticed a four-headed hydra
 16134 | D:13     | Reached skill level 17 in Spellcasting
 16145 | D:13     | HP: 2/68 [vault guard/+0 battleaxe (10)]
 16146 | D:13     | Slain by a vault guard

Illustrated notes

Levels and vault maps discovered:
D:1:      lightli_arrival_farm, layout_basic, serial_curves, eino_curves_03,
          eino_curves_03, fountainhead, minmay_strange_pillars
D:2:      layout_basic, serial_shops, nicolae_shop_stone, shop
D:3:      corexii_shack_village, layout_basic,
          mainiacjoe_overflow_small_starburst, mainiacjoe_overflow_divided_tiny,
          serial_shops, shop, chequers_serial_rivers_small_b
D:4:      layout_gridville, minmay_temple_entry_gardened_gates
D:5:      minmay_spotlight, layout_loops_cross, biasface_ghost_orc_armoury,
          chequers_decorated_corner, uniq_blork_the_orc
D:6:      minmay_general_purpose_star, layout_basic,
          mainiacjoe_overflow_boulevard, lemuel_crystal_altar,
          nicolae_gozag_cash_rules_everything_around_me,
          gup_ossuary_entry_pyramid, st_stairs_2
D:7:      layout_basic, mainiacjoe_overflow_catch_the_wave
D:8:      layout_basic, kennysheep_mini, uniq_maurice
D:9:      layout_roguey, mainiacjoe_overflow_six_doors_small
D:10:     layout_irregular_city, lemuel_blue_sif_altar
D:11:     layout_basic, lair_entry_dummy, orc_david_3, minivault_14,
          einodemon_armed_red_devil_minivault, uniq_amaemon, uniq_harold,
          uniq_josephine, uniq_erica
D:12:     layout_long_grid, minivault_27, nicolae_looking_at_the_future
D:13:     layout_loops_ring, lightli_vaults_fourway_checkpoint
Temple:   nicolae_temple_bog_church

Skill      XL: |  1  2  3  4  5  6  7  8  9 10 11 12 |
---------------+-------------------------------------+-----
Spellcasting   | 5 6 7 9 10 12 14 16 17 | 17.1
Fighting       | 1 2 3 4 5 |  5.4
Armour         | 1 2 3 4 5 |  5.0
Conjurations   | 2 3 4 5 7 8 9 10 | 10.2
Dodging        | 3 |  3.0
Stealth        | 3 |  3.1
Evocations     | 1 |  1.3
Necromancy     | 1 |  1.1
Air Magic      | 1 |  1.1
Earth Magic    | 1 3 4 6 7 8 |  8.0
Alchemy        | 1 |  1.2
Fire Magic     | 2 5 6 |  6.5
Summonings     | |  1.1
Translocations | |  1.1

Action                     |  1- 3 |  4- 6 |  7- 9 | 10-12 || total
---------------------------+-------+-------+-------+-------++-------
  Melee: Dagger            |    39 |     8 |    45 |    23 ||   115
         Rapier            |       |       |    16 |       ||    16
         Punch             |       |       |       |     2 ||     2
         Demon whip        |       |       |       |    43 ||    43
   Cast: Magic Dart        |   133 |    69 |   154 |    40 ||   396
         Stone Arrow       |       |    23 |   120 |   172 ||   315
         Mephitic Cloud    |       |     1 |    10 |    48 ||    59
         Blink             |       |       |     3 |     5 ||     8
         Call Imp          |       |       |     3 |     4 ||     7
         Ignite Poison     |       |       |       |    13 ||    13
  Evoke: Wand              |       |       |       |     8 ||     8
    Use: Potion            |       |       |     1 |     1 ||     2
         Scroll            |       |       |       |    12 ||    12
   Stab: Confused          |       |       |     4 |     7 ||    11
 Armour: Robe              |    35 |    23 |    62 |    50 ||   170
         Acid dragon scale |       |       |       |    40 ||    40
  Dodge: Dodged            |    45 |    17 |    66 |    80 ||   208

Table legend: (Time is in decaauts)
 A = Elapsed time spent in this place.
 B = Non-inter-level travel time spent in this place.
 C = Inter-level travel time spent in this place.
 D = Time resting spent in this place.
 E = Time spent auto-exploring this place.
 F = Levels seen in this place.
 G = Mean time per level.
                   A        B        C        D        E       F      G
               +--------+--------+--------+--------+--------+-----+--------+
         Total |  16194 |  15015 |   1179 |    652 |  11908 |  15 | 1079.6 |
       Dungeon |  14999 |  13869 |   1130 |    652 |  11036 |  13 | 1153.8 |
        Temple |     84 |     35 |     49 |      0 |      0 |   1 |   84.0 |
       Ossuary |   1110 |   1110 |      0 |      0 |    872 |   1 | 1110.0 |
               +--------+--------+--------+--------+--------+-----+--------+

Top non-repeatable levels by time:
     D:5: 1854 daAuts
     D:1: 1746 daAuts
    D:12: 1701 daAuts
     D:7: 1391 daAuts
    D:11: 1337 daAuts
     D:6: 1152 daAuts
     D:2: 1134 daAuts
 Ossuary: 1110 daAuts
     D:9: 1062 daAuts
     D:8: 1050 daAuts
     D:4: 907 daAuts
     D:3: 886 daAuts
    D:10: 740 daAuts
  Temple: 84 daAuts
    D:13: 33 daAuts
